 Dungeon Crawl Stone Soup version 0.30.0-29-ga12c61a403 (webtiles) character file.

Game seed: 13251540013634701415

153 Peloso the Slasher (level 5, -6/47 HPs)
             Began as a Minotaur Fighter on June 23, 2023.
             Killed by divine providence
             ... invoked by an orc priest
              (7 damage)
             ... on level 3 of the Dungeon.
             The game lasted 00:04:27 (1724 turns).

Peloso the Slasher (Minotaur Fighter)               Turns: 1724, Time: 00:04:27

Health: -6/47      AC:  9    Str: 19    XL:     5   Next: 12%
Magic:  4/4        EV:  7    Int:  8    God:
Gold:   178        SH:  5    Dex: 14    Spells: 4/4 levels left

rFire   . . .        a - +0 long sword
rCold   . . .        d - +0 buckler
rNeg    . . .        c - +0 chain mail
rPois   .            (helmet restricted)
rElec   .            (no cloak)
rCorr   .            (no gloves)
SInv    .            (no boots)
Will    .....        (no amulet) Stlth
                     (no ring)
HPRegen 0.00/turn    (no ring)
MPRegen 0.09/turn

%: no passive effects
@: inhibited regen
A: horns 2, retaliatory headbutt, agile 1, clever 1, inhibited regeneration
a: no special abilities


You were on level 3 of the Dungeon.
You visited 1 branch of the dungeon, and saw 3 of its levels.

You collected 178 gold pieces.

Inventory:

Hand Weapons
 a - a +0 long sword (weapon)
Armour
 b - a +0 scale mail
 c - a +0 chain mail (worn)
 d - a +0 buckler (worn)
Jewellery
 o - a +6 ring of intelligence
 p - a ring of fire
Scrolls
 e - a scroll of immolation {unknown}
 f - a scroll of fog {unknown}
 i - a scroll of teleportation {unknown}
 l - a scroll of magic mapping {unknown}
 m - 2 scrolls of identify {unknown}
 r - a scroll of silence {unknown}
Potions
 h - 2 potions of might
 j - a potion of lignification {unknown}
 k - a potion of magic
 n - a potion of curing {unknown}


   Skills:
 + Level 4.5 Fighting
 + Level 4.6 Long Blades
 + Level 4.4 Armour
 + Level 0.2 Dodging
 + Level 0.1 Stealth
 + Level 4.2 Shields


You had 4 spell levels left.
You didn't know any spells.
Your spell library contained the following spells:

 Spells                   Type           Power      Damage    Failure   Level
 Blink                    Tloc           0%         N/A       100%        2
 Lesser Beckoning         Tloc           0%         N/A       100%        2
 Momentum Strike          Conj/Tloc      0%         3d8       100%        2


Dungeon Overview and Level Annotations

Branches:
Dungeon (3/15)

Altars:
Cheibriados
Ru


Innate Abilities, Weirdness & Mutations

You have a pair of horns on your head.
You reflexively headbutt those who attack you in melee.
You are agile. (Dex +4, Str/Int -1)
Your mind is acute. (Int +4, Str/Dex -1)
You do not regenerate when monsters are visible.


Message History

The adder attacks as you move away! The adder closely misses you.
You block the adder's attack.
You hit the adder but do no damage. The adder bites you.
* * * LOW HITPOINT WARNING * * *
You are poisoned.
The adder poisons you!
You miss the adder. Your headbutt misses the adder.
You feel sick. The adder closely misses you.
The adder bites you but does no damage.
You barely miss the adder.
You feel sick. The adder barely misses you. You furiously retaliate!
You headbutt the adder. The adder bites you.
* * * LOW HITPOINT WARNING * * *
You barely miss the adder.
The adder is moderately wounded.
You feel sick. The adder bites you but does no damage.
The orc priest looks encouraged for a moment.
It was a potion of mutation.
You feel extremely strange.
You feel agile.
You feel clever.
Your regeneration stops near monsters.
* * * LOW HITPOINT WARNING * * *
You feel sick. The adder barely misses you.
The adder bites you but does no damage.
Unknown command.
You barely miss the adder.
The adder is moderately wounded.
* * * LOW HITPOINT WARNING * * *
You feel sick. The adder bites you but does no damage.
You slash the adder!
You kill the adder!
* * * LOW HITPOINT WARNING * * *
You feel sick.
You are no longer poisoned.
The frilled lizard bites you but does no damage.
Unknown command.
Unknown command.
You completely miss the frilled lizard.
The frilled lizard bites you but does no damage.
Unknown command.
You barely miss the frilled lizard.
The orc priest mumbles some strange prayers to Beogh against you.
Beogh smites you!
You die...

..##...........# #..............
..##...........####..............
.o).[............................
..##...........# #..........#..#
..##..?!.......# ##.....###....#
..##...........# ##.'#######+.#
..##..?........# #.#)..#...#.#
..##..........w######.#...#...#.#
..############ol@..####.......###
..# ####.....###._.### # ..#
#.....#.......# # ..#
#.....#.†.#...# # ..#
#.....#...#...#.. .)#############
#.....'#######+.# ..).†.........#
##.......##.....#
..)...†.......## #......#........
...............###......#........


You could see a worm, an orc priest and a frilled lizard.

Vanquished Creatures
  Jessica (D:2)
  An orc wizard (D:3)
  3 gnolls (D:3)
  2 adders (D:3)
  5 orcs (D:3)
  3 ball pythons
  4 endoplasms
  2 giant cockroaches
  4 goblins
  4 hobgoblins
  5 jackals (D:3)
  2 quokkas
  3 bats
  2 frilled lizards (D:2)
  4 kobolds
  4 rats
49 creatures vanquished.

Notes
Turn   | Place    | Note
-------+----------+-------------------------------------------
     0 | D:1      | Peloso the Minotaur Fighter began the quest for the Orb.
     0 | D:1      | Reached XP level 1. HP: 19/19 MP: 0/0
   324 | D:1      | Reached XP level 2. HP: 27/27 MP: 1/1
   764 | D:2      | Noticed Jessica
   771 | D:2      | Killed Jessica
   772 | D:2      | Reached XP level 3. HP: 33/33 MP: 2/2
   988 | D:2      | Found a snail-covered altar of Cheibriados.
  1372 | D:3      | Found a sacrificial altar of Ru.
  1378 | D:3      | Reached XP level 4. HP: 34/41 MP: 3/3
  1698 | D:3      | Reached XP level 5. HP: 13/47 MP: 4/4
  1720 | D:3      | Gained mutation: You are agile. (Dex +4, Str/Int -1)
                  | [potion of mutation]
  1720 | D:3      | Gained mutation: Your mind is acute. (Int +4, Str/Dex -1)
                  | [potion of mutation]
  1720 | D:3      | Gained mutation: You do not regenerate when monsters are
                  | visible. [potion of mutation]
  1721 | D:3      | HP: 2/47 [poisoned by an adder]
  1724 | D:3      | Killed from afar by an orc priest

Illustrated notes

Levels and vault maps discovered:
D:1:      lightli_iron_boxes, layout_loops_ring, nicolae_figureground_pulse
D:2:      layout_loops_ring, basic_altar, uniq_terence, uniq_jessica
D:3:      layout_basic, nicolae_ru_great_annihilating_truth

Skill      XL: |  1  2  3  4 |
---------------+-------------+-----
Fighting       | 4 |  4.5
Long Blades    | 3 4 |  4.6
Armour         | 4 |  4.4
Shields        | 4 |  4.2
Dodging        | |  0.2
Stealth        | |  0.1

Action                     |  1- 3 |  4- 6 || total
---------------------------+-------+-------++-------
  Melee: Long sword        |    68 |    58 ||   126
         Headbutt          |     8 |     7 ||    15
    Use: Potion            |     1 |     2 ||     3
   Stab: Paralysed         |       |     1 ||     1
 Armour: Scale mail        |     4 |       ||     4
         Chain mail        |    22 |    44 ||    66
  Dodge: Dodged            |    26 |    37 ||    63
  Block: Buckler           |    11 |    18 ||    29
